 Dungeon Crawl Stone Soup version 0.27-a0-1105-g946c659c87 (webtiles) character file.

Game seed: 7290770211382661995

200 DogServant the Chiller (level 5, -1/36 (38) HPs)
             Began as a Demonspawn Ice Elementalist on Apr 30, 2021.
             Slain by a wight
             ... wielding a +0 dire flail
              (11 damage)
             ... on level 4 of the Dungeon.
             The game lasted 00:10:20 (5230 turns).

DogServant the Chiller (DsIE)                       Turns: 5230, Time: 00:10:21

HP:   -1/36 (38)    AC:  8    Str: 10    XL:     5   Next: 49%
MP:   7/9           EV: 12    Int: 16    God:
Gold: 102           SH:  0    Dex: 13    Spells: 3/10 levels left

rFire    . . .     SeeInvis .   b - +0 whip
rCold    . . .     Faith    .   (no shield)
rNeg     . . .     Spirit   .   a - +0 robe
rPois    .         Reflect  .   (no helmet)
rElec    .         Harm     .   (no cloak)
rCorr    .         Rampage  .   (no gloves)
Will     .....                  (no boots)
Stlth    ++........             (no amulet)
HPRegen  0.12/turn              (no ring)
MPRegen  0.11/turn              (no ring)

@: ice-armoured, drained
A: claws 1, powered by pain 2
a: no special abilities


You were on level 4 of the Dungeon.
You visited 1 branch of the dungeon, and saw 4 of its levels.

You collected 102 gold pieces.

Inventory:

Hand Weapons
 b - a +0 whip (weapon)
Missiles
 g - 10 poisoned darts
Armour
 a - a +0 robe (worn)
 j - a +0 pair of gloves
Wands
 q - a wand of flame (16)
Scrolls
 c - a scroll of blinking {unknown}
 d - a scroll of immolation {unknown}
 e - 3 scrolls of fear {unknown}
 f - a scroll of torment {unknown}
 h - 2 scrolls of identify {unknown}
 l - 3 scrolls of noise {unknown}
 m - a scroll of magic mapping {unknown}
 o - 2 scrolls of teleportation {unknown}
 p - a scroll of enchant weapon {unknown}
Potions
 i - 2 potions of heal wounds {unknown}
 k - a potion of haste {unknown}
 n - 2 potions of attraction {unknown}


   Skills:
 - Level 2.0 Fighting
 + Level 3.2 Maces & Flails
 - Level 1.7 Dodging
 - Level 1.7 Stealth
 - Level 3.0 Spellcasting
 - Level 4.0 Ice Magic


You had 3 spell levels left.
You knew the following spells:

 Your Spells              Type           Power      Damage    Failure   Level
a - Freeze                Ice            60%        1d8       3%          1
b - Frozen Ramparts       Ice            30%        1d5       11%         3
c - Ozocubu's Armour      Ice            15%        N/A       11%         3

Your spell library contained the following spells:

 Spells                   Type           Power      Damage    Failure   Level
 Animate Skeleton         Necr           4%         N/A       19%         1
 Magic Dart               Conj           8%         1d3       19%         1
 Pain                     Necr           8%         1d4       19%         1
 Blink                    Tloc           N/A        N/A       28%         2
 Call Imp                 Summ           2%         N/A       28%         2
 Slow                     Hex            2%         N/A       28%         2
 Conjure Flame            Conj/Fire      2%         6-21      50%         3
 Mephitic Cloud           Conj/Pois/Air  2%         N/A       50%         3
 Vampiric Draining        Necr           1%         2d6       50%         3
 Hailstorm                Conj/Ice       8%         3d4       63%         4
 Animate Dead             Necr           1%         N/A       88%         4
 Metabolic Englaciation   Hex/Ice        4%         N/A       92%         5
 Agony                    Necr           2%         N/A       99%         5


Dungeon Overview and Level Annotations

Branches:
Dungeon (4/15)
 Temple: D:4-7

Altars:

Annotations:
D:4 exclusion: black bear


Innate Abilities, Weirdness & Mutations

You have sharp fingernails.
You sometimes gain power by taking damage.


Message History

You see here 11 gold pieces.
Casting: Frozen Ramparts (dangerous; 11% risk of failure)
Confirm with . or Enter, or press ? or * to list all spells.
A film of ice covers your body!
The wight hits you with a +0 dire flail.
You closely miss the wight. You closely miss the wight.
The wight closely misses you.
You hit the wight.
The wight is lightly damaged.
The wight closely misses you.
You hit the wight but do no damage.
The wight is lightly damaged.
The wight closely misses you.
You hit the wight but do no damage.
The wight is lightly damaged.
The wight closely misses you.
You hit the wight.
The wight is moderately damaged.
The wight hits you with a +0 dire flail!
You closely miss the wight.
The wight is moderately damaged.
The wight closely misses you.
You hit the wight.
The wight is heavily damaged.
The wight misses you.
You hit the wight but do no damage.
The wight is heavily damaged.
The wight hits you with a +0 dire flail.
You feel drained.
You hit the wight.
The wight is heavily damaged.
The wight hits you with a +0 dire flail.
* * * LOW HITPOINT WARNING * * *
You hit the wight but do no damage.
The wight is heavily damaged.
The wight barely misses you.
You hit the wight.
The wight is heavily damaged.
The wight hits you with a +0 dire flail!
You die...

####†##+#.......
#.............h
.#+####..............
................#####
#...............#
+...............#
#...............#
#...............#
..z.......z@....#
.#.....######+#.#
...... ..# ..# .#


You could see a wight.

Vanquished Creatures
  An iguana (D:4)
  A hound skeleton (D:4)
  A howler monkey skeleton (D:2)
  6 adders
  A worm (D:2)
  4 orcs (D:3)
  9 endoplasms
  3 giant cockroaches
  6 goblins (D:1)
  7 hobgoblins
  16 jackals
  4 quokkas
  8 ball pythons
  3 bats
  3 frilled lizards (D:1)
  7 kobolds
  4 rats
84 creatures vanquished.

Vanquished Creatures (others)
  2 plants (D:3)
2 creatures vanquished.

Grand Total: 86 creatures vanquished

Notes
Turn   | Place    | Note
-------+----------+-------------------------------------------
     0 | D:1      | DogServant the Demonspawn Ice Elementalist began the quest
                  | for the Orb.
     0 | D:1      | Reached XP level 1. HP: 13/13 MP: 3/3
   422 | D:1      | Reached skill level 4 in Ice Magic
   422 | D:1      | Gained mutation: You sometimes gain a little power by
                  | taking damage. [demonic ancestry]
   422 | D:1      | Reached XP level 2. HP: 18/19 MP: 0/5
   751 | D:1      | Reached skill level 1 in Fighting
  1195 | D:1      | Gained mutation: You sometimes gain power by taking damage.
                  | [demonic ancestry]
  1195 | D:1      | Reached XP level 3. HP: 25/26 MP: 3/6
  1364 | D:1      | Reached skill level 1 in Maces & Flails
  1791 | D:1      | Learned a level 3 spell: Frozen Ramparts
  2752 | D:2      | Gained mutation: You have sharp fingernails. [demonic
                  | ancestry]
  2752 | D:2      | Reached XP level 4. HP: 33/33 MP: 2/7
  3177 | D:2      | Learned a level 3 spell: Ozocubu's Armour
  4461 | D:3      | Reached XP level 5. HP: 22/38 MP: 5/9
  5113 | D:4      | Noticed a black bear
  5230 | D:4      | Slain by a wight

Illustrated notes

Levels and vault maps discovered:
D:1:      erik_arrival_cave_to_civilisation [erik_arrival_cave_to_hall],
          layout_basic, serial_curves, eino_curves_01, eino_curves_03,
          st_stairs_7
D:2:      layout_basic
D:3:      layout_basic, serial_bayou_lake_a
D:4:      layout_basic, lemuel_crystal_altar, serial_shops,
          nicolae_shop_temple_entry_statues_fountains

Skill      XL: |  1  2  3  4  5 |
---------------+----------------+-----
Ice Magic      | 4 |  4.0
Fighting       | 1 2 |  2.0
Maces & Flails | 1 2 3 |  3.2
Spellcasting   | 3 |  3.0
Dodging        | |  1.7
Stealth        | |  1.7

Action                   |  1- 3 |  4- 6 || total
-------------------------+-------+-------++-------
Melee: Whip              |    48 |   138 ||   186
 Cast: Freeze            |    54 |     6 ||    60
       Frozen Ramparts   |     4 |    10 ||    14
       Ozocubu's Armour  |       |     1 ||     1
 Stab: Sleeping          |       |     4 ||     4
Armor: Robe              |     9 |    17 ||    26
Dodge: Dodged            |    57 |    87 ||   144

Table legend: (Time is in decaauts)
 A = Elapsed time spent in this place.
 B = Non-inter-level travel time spent in this place.
 C = Inter-level travel time spent in this place.
 D = Time resting spent in this place.
 E = Time spent auto-exploring this place.
 F = Levels seen in this place.
 G = Mean time per level.
                   A        B        C        D        E       F      G
               +--------+--------+--------+--------+--------+-----+--------+
         Total |   5265 |   5240 |     25 |    590 |   3983 |   4 | 1316.2 |
       Dungeon |   5265 |   5240 |     25 |    590 |   3983 |   4 | 1316.2 |
               +--------+--------+--------+--------+--------+-----+--------+

Top non-repeatable levels by time:
     D:1: 1799 daAuts
     D:3: 1562 daAuts
     D:2: 1387 daAuts
     D:4: 516 daAuts
